 Dungeon Sprint DCSS version 0.19-a0-994-g3c636f0 (webtiles) character file.

6145 zero the Phalangite (level 10, -13/110 HPs)
             Began as a Minotaur Berserker on July 17, 2016.
             Was the Champion of Trog.
             Mangled by a stone giant (39 damage)
             ... in the Dungeon (Sprint IX: "|||||||||||||||||||||||||||||").
             The game lasted 00:04:18 (1267 turns).

zero the Phalangite (Minotaur Berserker)            Turns: 1267, Time: 00:04:19

Health: -13/110    AC: 11    Str: 28    XL:     10   Next: 59%
Magic:  9/9        EV: 12    Int:  4    God:    Trog [******]
Gold:   19         SH:  0    Dex: 13    Spells: 0 memorised, 9 levels left

rFire  . . .     SeeInvis .     u - +6 bardiche (venom)
rCold  . . .     Gourm    .     q - +2 ring mail
rNeg   . . .     Faith    .     (shield currently unavailable)
rPois  .         Spirit   .     (helmet restricted)
rElec  .         Dismiss  .     n - +0 cloak
rCorr  .         Reflect  .     w - +0 pair of gloves
SustAt .         Harm     .     x - +0 pair of boots
MR     ++...     NoTele   +     (no amulet)
Stlth  +.........               p - +3 ring of dexterity
                                o - +3 ring of strength

@: regenerating, very resistant to hostile enchantments, very unstealthy
A: retaliatory headbutt, horns 2
a: Berserk, Trog's Hand, Brothers in Arms, Burn Spellbooks, Renounce Religion


You were in the Dungeon.
You worshipped Trog.
Trog was exalted by your worship.
You were not hungry.

You visited 1 branch You collected 19 gold pieces.

Inventory:

Hand Weapons
 u - a +6 bardiche of venom (weapon)
Armour
 n - a +0 cloak (worn)
 q - a +2 ring mail (worn)
 w - a +0 pair of gloves (worn)
 x - a +0 pair of boots (worn)
Jewellery
 o - a +3 ring of strength (left hand)
 p - a +3 ring of dexterity (right hand)
Wands
 m - a wand of lightning (2/15)
Scrolls
 b - 5 scrolls of identify
 i - 2 scrolls of blinking
 l - 4 scrolls of remove curse
 s - a scroll of fear
 t - 4 scrolls of enchant armour
Potions
 a - a potion of agility
 d - 8 potions of curing
 e - 6 potions of heal wounds
 f - a potion of haste
 g - 4 potions of magic
 h - 2 potions of berserk rage
 k - a potion of invisibility
Comestibles
 c - 13 bread rations
 r - 39 fruits
 v - 12 meat rations


   Skills:
 + Level 16.8 Fighting
 * Level 22.1 Polearms
 - Level 3.2 Armour
 - Level 3.1 Dodging


You had 9 spell levels left.
You didn't know any spells.

Dungeon Overview and Level Annotations

Branches:
Dungeon (1/1)

Altars:
Cheibriados
Dithmenos
Elyvilon
Fedhas
Gozag
Hepliaklqana
Kikubaaqudgha
Makhleb
Nemelex Xobeh
Okawaru
Pakellas
Qazlal
Ru
Sif Muna
Trog
Uskayaw
Vehumet
Xom
Yredelemnul
Zin
The Shining One
Beogh
Jiyva
Lugonu


Innate Abilities, Weirdness & Mutations

You reflexively headbutt those who attack you in melee.
You have a pair of horns on your head.


Message History

The stone giant throws a large rock.
The large rock hits you!!!
Attack whom?
Press: ? - help, Dir - move target cursor, f/p - stone giant
Aim: a stone giant (lightly wounded)
You reach to attack!
You slice the stone giant like a ripe choko!!!
The stone giant looks as sick as possible!
The stone giant is heavily wounded.
The orc wizard miscasts a cantrip.
You slice the stone giant!!
You headbutt the stone giant, but do no damage.
The stone giant is almost dead.
The stone giant hits you!!
* * * LOW HITPOINT WARNING * * *
You feel much better. The stone giant hits you!
* * * LOW HITPOINT WARNING * * *
Your skin crawls.
You feel resistant to hostile enchantments.
You feel somewhat more hungry. The stone giant hits you!!!
You die...

______________'.....'(....)...<▓
▓▓▓▓▓▓▓▓▓▓▓▓▓▓▓▓▓▓▓▓▓▓▓▓▓▓▓▓▓▓▓▓
...............................▓
▓▓▓▓▓▓▓▓▓▓▓▓▓▓▓▓▓▓▓▓▓▓▓▓▓▓▓▓▓▓.▓
)......%%)......(......'.......▓
▓▓▓▓▓▓▓▓▓▓▓▓▓▓▓▓▓▓▓▓▓▓▓▓▓▓▓▓▓▓▓▓
............(..(..)............▓
▓▓▓▓▓▓▓▓▓▓▓▓▓▓▓▓▓▓▓▓▓▓▓▓▓▓▓▓▓▓.▓
o.ooooC@(...(.........▓
▓▓▓▓▓▓▓▓▓▓▓▓▓▓▓▓▓▓▓▓▓▓▓


You could see a stone giant, an orc priest, 2 orc wizards and 2 orcs.

Vanquished Creatures
  A hydra (D)
  Sonja (D)
  2 lindwurms (D)
  A hill giant (D)
  A cyclops (D)
  An elephant (D)
  A komodo dragon (D)
  2 giant leeches (D)
  2 blink frogs (D)
  A wyvern (D)
  3 yaks (D)
  A basilisk (D)
  2 water moccasins (D)
  2 porcupines (D)
  An orc warrior (D)
  An ice beast (D)
  A centaur (D)
  A crocodile (D)
  2 giant frogs (D)
  A howler monkey (D)
  A hound (D)
  An orc priest (D)
  An iguana (D)
  2 worker ants (D)
  2 adders (D)
  A river rat (D)
  4 worms (D)
  A dart slug (D)
  A giant gecko (D)
  2 orcs (D)
  2 ball pythons (D)
  A bat zombie (D)
  A goblin (D)
  A kobold (D)
  A giant cockroach zombie (D)
  2 rats (D)
52 creatures vanquished.

Notes
Turn   | Place    | Note
-------+----------+-------------------------------------------
     0 | D        | zero the Minotaur Berserker began the quest for the Orb.
     0 | D        | Reached XP level 1. HP: 19/19 MP: 0/0
    18 | D        | Reached ** piety under Trog
    26 | D        | Reached skill level 4 in Polearms
   147 | D        | Reached *** piety under Trog
   147 | D        | Reached skill level 5 in Polearms
   147 | D        | Reached XP level 2. HP: 28/28 MP: 1/1
   158 | D        | Received a gift from Trog
   158 | D        | Reached skill level 5 in Fighting
   158 | D        | Reached skill level 6 in Polearms
   159 | D        | Reached XP level 3. HP: 36/36 MP: 2/2
   268 | D        | Found a glowing silver altar of Zin.
   268 | D        | Found a glowing golden altar of the Shining One.
   268 | D        | Found an ancient bone altar of Kikubaaqudgha.
   268 | D        | Found a basalt altar of Yredelemnul.
   268 | D        | Found a shimmering altar of Xom.
   268 | D        | Found a radiant altar of Vehumet.
   269 | D        | Found an iron altar of Okawaru.
   270 | D        | Found a burning altar of Makhleb.
   271 | D        | Found a deep blue altar of Sif Muna.
   272 | D        | Found a bloodstained altar of Trog.
   273 | D        | Found a sparkling altar of Nemelex Xobeh.
   274 | D        | Found a white marble altar of Elyvilon.
   275 | D        | Found a roughly hewn altar of Beogh.
   276 | D        | Found a viscous altar of Jiyva.
   277 | D        | Found a corrupted altar of Lugonu.
   278 | D        | Found a blossoming altar of Fedhas.
   279 | D        | Found a snail-covered altar of Cheibriados.
   280 | D        | Found a shadowy altar of Dithmenos.
   281 | D        | Found a stormy altar of Qazlal.
   282 | D        | Found an opulent altar of Gozag.
   283 | D        | Found a sacrificial altar of Ru.
   284 | D        | Found an oddly glowing altar of Pakellas.
   285 | D        | Found a hide-covered altar of Uskayaw.
   286 | D        | Found a hazy altar of Hepliaklqana.
   347 | D        | Noticed a yak
   347 | D        | Noticed an orc warrior
   347 | D        | Noticed an ice beast
   347 | D        | Noticed a hill giant
   351 | D        | Killed a hill giant
   351 | D        | Reached **** piety under Trog
   351 | D        | Reached skill level 10 in Fighting
   351 | D        | Reached skill level 13 in Polearms
   351 | D        | Reached XP level 4. HP: 52/52 MP: 3/3
   351 | D        | Reached XP level 5. HP: 59/59 MP: 4/4
   351 | D        | Reached XP level 6. HP: 67/67 MP: 5/5
   354 | D        | Killed an ice beast
   354 | D        | Reached skill level 14 in Polearms
   354 | D        | Reached XP level 7. HP: 73/73 MP: 6/6
   360 | D        | Killed a yak
   360 | D        | Reached ***** piety under Trog
   360 | D        | Reached skill level 15 in Polearms
   411 | D        | Noticed a cyclops
   417 | D        | Killed a cyclops
   417 | D        | Reached skill level 16 in Polearms
   417 | D        | Reached XP level 8. HP: 85/85 MP: 7/7
   420 | D        | Received a gift from Trog
   429 | D        | Reached skill level 17 in Polearms
   579 | D        | Noticed a komodo dragon
   585 | D        | Noticed a six-headed hydra
   589 | D        | Received a gift from Trog
   590 | D        | Reached skill level 18 in Polearms
   591 | D        | Noticed a blink frog
   595 | D        | Killed a komodo dragon
   595 | D        | Reached XP level 9. HP: 95/95 MP: 8/8
   599 | D        | Killed a ten-headed hydra
   599 | D        | Reached skill level 19 in Polearms
   606 | D        | Reached skill level 15 in Fighting
   659 | D        | Noticed an elephant
   665 | D        | Reached skill level 20 in Polearms
   670 | D        | Killed an elephant
   670 | D        | Reached ****** piety under Trog
   670 | D        | Received a gift from Trog
   675 | D        | Reached XP level 10. HP: 96/106 MP: 9/9
   748 | D        | Noticed a lindwurm
   748 | D        | Noticed a lindwurm
   752 | D        | Received a gift from Trog
   755 | D        | Reached skill level 21 in Polearms
   759 | D        | Killed a lindwurm
   761 | D        | Killed a lindwurm
   766 | D        | Received a gift from Trog
   890 | D        | Noticed Sonja
   898 | D        | Killed Sonja
   898 | D        | Reached skill level 22 in Polearms
  1258 | D        | Noticed a stone giant
  1267 | D        | Mangled by a stone giant

Vault maps used:
D:        linesprint

Skill      XL: |  1  2  3  4  5  6  7  8  9 10 |
---------------+-------------------------------+-----
Dodging        | 3 |  3.1
Fighting       | 4 5 10 12 14 15 16 | 16.8
Polearms       | 5 6 13 14 16 18 20 22 | 22.1
Armour         | 3 |  3.2

Action                   |  1- 3 |  4- 6 |  7- 9 | 10-12 || total
-------------------------+-------+-------+-------+-------++-------
Melee: Spear             |    38 |       |       |       ||    38
       Headbutt          |     4 |       |    13 |     4 ||    21
       Halberd           |     3 |     3 |    45 |       ||    51
       Bardiche          |       |       |    16 |    27 ||    43
Invok: Berserk           |     2 |       |     2 |       ||     4
       Trog's Hand       |       |       |     1 |     1 ||     2
Evoke: Wand              |       |       |       |     5 ||     5
  Use: Potion            |       |       |       |     1 ||     1
  Eat: Chunk             |       |       |     4 |     1 ||     5
       Fruit             |       |       |       |     1 ||     1
Armor: Animal skin       |     8 |       |       |       ||     8
       Ring mail         |       |       |    11 |     3 ||    14
Dodge: Dodged            |     9 |     1 |    22 |    11 ||    43
